Connexion

Bears vs Crunch

Created - 21 octobre 2023 at 06:02

Goals
1 2 3 T
Bears 0 0 1 1
Crunch 2 0 2 4
Shots
1 2 3 T
Bears 13 8 16 37
Crunch 12 7 10 29

GoalsPenalties
1st period
1. Crunch , Thomas Tynan 14 (Jean-Christophe Beaudin 12, Blaine Byron 16) at 5:29
2. Crunch , Jean-Gabriel Pageau 14 (Mike Vecchione 9) at 16:16 (PP)
Chad Krys (HER) for Roughing (Minor) at 0:25
Jaycob Megna (SYR) for Cross-checking (Minor) at 10:16
Chad Krys (HER) for Tripping (Minor) at 16:12
2nd period
No Goal
Connor Corcoran (SYR) for Hooking (Minor) at 0:28
3rd period
3. Crunch , Thomas Tynan 15 (Luke Prokop 2) at 8:58
4. Bears , Maxim Letunov 1 (Tyrell Goulbourne 5, Chad Krys 17) at 12:05
5. Crunch , Mike Vecchione 6 (Mason Shaw 14, Jean-Gabriel Pageau 19) at 19:11
Jordie Benn (HER) for Hooking (Minor) at 2:45
Xavier Bouchard (SYR) for Hooking (Minor) at 16:03
Buddy Robinson (HER) for Cross-checking (Minor) at 19:41
Goalie Stats
Spencer Martin (HER), 25 saves from 29 shots - (0,862), L, 7-6-1, 60:00 minutes
Anthony Stolarz (SYR), 36 saves from 37 shots - (0,973), W, 17-10-1, 60:00 minutes
3 StarsOfficial
1 - Anthony Stolarz (SYR)
2 - Thomas Tynan (SYR)
3 - Jean-Gabriel Pageau (SYR)
Referees : Rob Martell and Dan Marouelli
Linesman : Andy McElman and Jay Sharrers
Game Note
No Game Note
Finance
Level 1 -- Attendance: 2000 (100,00%) -- Ticket Income 40 000 $
Level 2 -- Attendance: 1000 (100,00%) -- Ticket Income 15 000 $
Total Attendance: 3000 (100,00%)
Total Ticket Income: 55 000 $
Other Income: 11 000 $
Total Income: 66 000 $



Team Name Goals Shots Shots Attemp Shots Blocked PIM HIT PP PK FO%
Bears 1376558150 / 3 (0%)147%
Crunch 4294556251 / 4 (25%)053%

Bears
Player Name POS G A P +/- PIM HIT SHT SB MP PP MP PP SHT PK MP PK SHT FO% FOT
Arttu RuotsalainenC000-1001018:352:4301:32045% 22
Austin WatsonC/LW/RW000001006:250:0000:0000% 0
Beck MalenstynLW000-1011013:250:0001:3200% 0
Brennan MenellD000-1000117:480:0002:1100% 0
Buddy RobinsonRW000-1221014:190:0000:0000% 1
Chad KrysD0111404118:362:4330:0300% 0
Christoffer EhnC/LW000-1000014:090:0002:16021% 14
Cole KoepkeLW0000017020:193:1400:00050% 2
Dennis GilbertD0001012119:222:4300:4700% 0
Gustav OlofssonD000-2002123:343:1422:0600% 0
Jay BeagleC/RW000-1011014:380:0002:45067% 3
Joona LuotoLW/RW0000003019:592:5400:0000% 0
Jordie BennD000-2213122:493:1431:2200% 0
Justin DowlingC/LW/RW0000022020:223:1400:03064% 22
Kyle BurroughsD000-1021017:480:0002:1100% 0
Lean BergmannLW/RW000-1033017:032:4300:0000% 0
Maxim LetunovC101000106:450:2000:00040% 10
Tyrell GoulbourneLW011000509:402:4320:320100% 2
Crunch
Player Name POS G A P +/- PIM HIT SHT SB MP PP MP PP SHT PK MP PK SHT FO% FOT
Aaron LuchukC000000005:410:0000:00060% 5
Austin StrandD0001021225:172:2413:2300% 0
Axel AnderssonD0001012020:001:5602:2000% 0
Blaine ByronC/LW0111014016:571:5600:290100% 1
Connor CorcoranD0001240119:511:5601:5300% 0
Garnet HathawayRW000000006:170:0000:3600% 0
Jaycob MegnaD0001240124:142:2402:1800% 0
Jean-Christophe BeaudinC/RW0111012017:341:5601:350100% 2
Jean-Gabriel PageauC1121007027:112:2414:22063% 30
Kody ClarkRW0000014014:430:0000:0000% 0
Luke ProkopD0110020115:060:0000:5900% 0
Mason ShawC/LW0111000017:242:0800:00067% 3
Mike VecchioneC/RW1121002019:152:2401:35033% 3
Nicolas Aube-KubelRW000000000:480:1600:0000% 0
Patrick HarperC/LW0000001014:430:0000:00043% 14
Paul BittnerLW0000071014:430:0000:0000% 0
Thomas TynanC2021005019:451:5603:46033% 18
Xavier BouchardD0000220014:310:0000:3200% 0



Play-by-Play

1st period


0:01 of 1st period - Jean-Gabriel Pageau wins face-off versus Justin Dowling in neutral zone.
0:10 of 1st period - Shot by Jean-Gabriel Pageau.
0:10 of 1st period - Stopped by Spencer Martin without a rebound.
0:11 of 1st period - Thomas Tynan wins face-off versus Arttu Ruotsalainen in Bears zone.
0:25 of 1st period - Minor Penalty to Chad Krys for Roughing.
0:26 of 1st period - Jean-Gabriel Pageau wins face-off versus Christoffer Ehn in Bears zone.
1:54 of 1st period - Shot by Jean-Christophe Beaudin.
1:54 of 1st period - Shot Misses the Net.
3:44 of 1st period - Jean-Gabriel Pageau is hit by Kyle Burroughs.
4:20 of 1st period - Shot by Arttu Ruotsalainen.
4:20 of 1st period - Stopped by Anthony Stolarz with a rebound.
4:22 of 1st period - Shot by Buddy Robinson.
4:22 of 1st period - Stopped by Anthony Stolarz without a rebound.
4:23 of 1st period - Jean-Gabriel Pageau wins face-off versus Christoffer Ehn in Crunch zone.
4:23 of 1st period - Mason Shaw is hit by Beck Malenstyn and loses puck.
4:38 of 1st period - Shot by Beck Malenstyn.
4:38 of 1st period - Shot Misses the Net.
5:29 of 1st period - Shot by Thomas Tynan.
5:29 of 1st period - Goal by Thomas Tynan - Bears : 0 - Crunch : 1.
5:30 of 1st period - Patrick Harper wins face-off versus Justin Dowling in neutral zone.
5:39 of 1st period - Dennis Gilbert is hit by Paul Bittner and loses puck.
5:46 of 1st period - Shot by Patrick Harper.
5:46 of 1st period - Shot Blocked by Chad Krys.
5:48 of 1st period - Shot by Paul Bittner.
5:48 of 1st period - Shot Misses the Net.
6:57 of 1st period - Icing by Jaycob Megna.
6:58 of 1st period - Maxim Letunov wins face-off versus Jean-Gabriel Pageau in Crunch zone.
7:01 of 1st period - Shot by Gustav Olofsson.
7:01 of 1st period - Shot Blocked by Austin Strand.
7:26 of 1st period - Shot by Tyrell Goulbourne.
7:26 of 1st period - Stopped by Anthony Stolarz with a rebound.
7:29 of 1st period - Icing by Austin Strand.
7:30 of 1st period - Jean-Gabriel Pageau wins face-off versus Christoffer Ehn in Crunch zone.
7:49 of 1st period - Shot by Jean-Christophe Beaudin.
7:49 of 1st period - Stopped by Spencer Martin with a rebound.
7:51 of 1st period - Shot by Axel Andersson.
7:51 of 1st period - Shot Blocked by Dennis Gilbert.
7:53 of 1st period - Shot by Axel Andersson.
7:53 of 1st period - Stopped by Spencer Martin with a rebound.
7:55 of 1st period - Shot by Thomas Tynan.
7:55 of 1st period - Stopped by Spencer Martin with a rebound.
7:57 of 1st period - Shot by Axel Andersson.
7:57 of 1st period - Stopped by Spencer Martin without a rebound.
7:58 of 1st period - Justin Dowling wins face-off versus Patrick Harper in Bears zone.
7:58 of 1st period - Justin Dowling is hit by Paul Bittner.
8:08 of 1st period - Shot by Joona Luoto.
8:08 of 1st period - Shot Blocked by Luke Prokop.
8:10 of 1st period - Shot by Cole Koepke.
8:10 of 1st period - Stopped by Anthony Stolarz with a rebound.
8:24 of 1st period - Shot by Justin Dowling.
8:24 of 1st period - Stopped by Anthony Stolarz with a rebound.
8:26 of 1st period - Shot by Justin Dowling.
8:26 of 1st period - Shot Misses the Net.
8:34 of 1st period - Shot by Joona Luoto.
8:34 of 1st period - Shot Misses the Net.
8:50 of 1st period - Kyle Burroughs is hit by Paul Bittner and loses puck.
9:40 of 1st period - Jean-Christophe Beaudin is hit by Lean Bergmann and loses puck.
10:16 of 1st period - Minor Penalty to Jaycob Megna for Cross-checking.
10:17 of 1st period - Tyrell Goulbourne wins face-off versus Thomas Tynan in Crunch zone.
11:33 of 1st period - Shot by Jordie Benn.
11:33 of 1st period - Stopped by Anthony Stolarz with a rebound.
11:35 of 1st period - Shot by Gustav Olofsson.
11:35 of 1st period - Stopped by Anthony Stolarz without a rebound.
11:36 of 1st period - Justin Dowling wins face-off versus Mike Vecchione in Crunch zone.
11:55 of 1st period - Shot by Gustav Olofsson.
11:55 of 1st period - Stopped by Anthony Stolarz without a rebound.
11:56 of 1st period - Jean-Gabriel Pageau wins face-off versus Arttu Ruotsalainen in Crunch zone.
12:11 of 1st period - Shot by Tyrell Goulbourne.
12:11 of 1st period - Stopped by Anthony Stolarz with a rebound.
13:13 of 1st period - Shot by Thomas Tynan.
13:13 of 1st period - Stopped by Spencer Martin with a rebound.
13:15 of 1st period - Shot by Jean-Christophe Beaudin.
13:15 of 1st period - Stopped by Spencer Martin without a rebound.
13:16 of 1st period - Jean-Gabriel Pageau wins face-off versus Justin Dowling in Bears zone.
13:16 of 1st period - Jean-Gabriel Pageau is hit by Jordie Benn.
13:49 of 1st period - Shot by Cole Koepke.
13:49 of 1st period - Stopped by Anthony Stolarz without a rebound.
13:50 of 1st period - Arttu Ruotsalainen wins face-off versus Patrick Harper in Crunch zone.
13:50 of 1st period - Chad Krys is hit by Austin Strand and loses puck.
14:23 of 1st period - Shot by Arttu Ruotsalainen.
14:23 of 1st period - Deflect By Lean Bergmann.
14:23 of 1st period - Stopped by Anthony Stolarz with a rebound.
14:25 of 1st period - Shot by Chad Krys.
14:25 of 1st period - Stopped by Anthony Stolarz without a rebound.
14:26 of 1st period - Blaine Byron wins face-off versus Christoffer Ehn in Crunch zone.
14:54 of 1st period - Shot by Thomas Tynan.
14:54 of 1st period - Shot Misses the Net.
14:56 of 1st period - Shot by Blaine Byron.
14:56 of 1st period - Stopped by Spencer Martin with a rebound.
14:58 of 1st period - Shot by Axel Andersson.
14:58 of 1st period - Shot Blocked by Brennan Menell.
15:42 of 1st period - Shot by Jean-Gabriel Pageau.
15:42 of 1st period - Stopped by Spencer Martin without a rebound.
15:43 of 1st period - Arttu Ruotsalainen wins face-off versus Patrick Harper in Bears zone.
15:43 of 1st period - Arttu Ruotsalainen is hit by Paul Bittner.
16:12 of 1st period - Minor Penalty to Chad Krys for Tripping.
16:13 of 1st period - Jean-Gabriel Pageau wins face-off versus Christoffer Ehn in Bears zone.
16:16 of 1st period - Shot by Jean-Gabriel Pageau.
16:16 of 1st period - Goal by Jean-Gabriel Pageau - Bears : 0 - Crunch : 2.
16:17 of 1st period - Justin Dowling wins face-off versus Mason Shaw in neutral zone.
16:55 of 1st period - Icing by Luke Prokop.
16:56 of 1st period - Jean-Gabriel Pageau wins face-off versus Arttu Ruotsalainen in Crunch zone.
16:56 of 1st period - Jean-Gabriel Pageau is hit by Buddy Robinson.
17:16 of 1st period - Shot by Arttu Ruotsalainen.
17:16 of 1st period - Deflect By Lean Bergmann.
17:16 of 1st period - Shot Misses the Net.
18:05 of 1st period - Blaine Byron is hit by Dennis Gilbert.
18:32 of 1st period - Icing by Axel Andersson.
18:33 of 1st period - Justin Dowling wins face-off versus Patrick Harper in Crunch zone.
18:33 of 1st period - Justin Dowling is hit by Connor Corcoran.
18:46 of 1st period - Joona Luoto is hit by Connor Corcoran and loses puck.
18:49 of 1st period - Shot by Cole Koepke.
18:49 of 1st period - Stopped by Anthony Stolarz without a rebound.
18:50 of 1st period - Maxim Letunov wins face-off versus Aaron Luchuk in Crunch zone.
18:56 of 1st period - Icing by Austin Strand.
18:57 of 1st period - Aaron Luchuk wins face-off versus Justin Dowling in Crunch zone.
19:10 of 1st period - Shot by Joona Luoto.
19:10 of 1st period - Shot Misses the Net.
19:33 of 1st period - Shot by Jean-Gabriel Pageau.
19:33 of 1st period - Stopped by Spencer Martin without a rebound.
19:34 of 1st period - Thomas Tynan wins face-off versus Christoffer Ehn in Bears zone.
19:57 of 1st period - Shot by Christoffer Ehn.
19:57 of 1st period - Shot Misses the Net.
Goals for this period are 0 for Bears vs 2 for Crunch.
Shots for this period are 13 for Bears vs 12 for Crunch.

2nd period


0:01 of 2nd period - Justin Dowling wins face-off versus Jean-Gabriel Pageau in neutral zone.
0:04 of 2nd period - Mike Vecchione is hit by Cole Koepke and loses puck.
0:11 of 2nd period - Shot by Joona Luoto.
0:11 of 2nd period - Stopped by Anthony Stolarz without a rebound.
0:12 of 2nd period - Jean-Christophe Beaudin wins face-off versus Arttu Ruotsalainen in Crunch zone.
0:12 of 2nd period - Jean-Christophe Beaudin is hit by Buddy Robinson.
0:28 of 2nd period - Minor Penalty to Connor Corcoran for Hooking.
0:29 of 2nd period - Justin Dowling wins face-off versus Jean-Gabriel Pageau in Crunch zone.
0:29 of 2nd period - Justin Dowling is hit by Jaycob Megna.
0:58 of 2nd period - Shot by Jordie Benn.
0:58 of 2nd period - Shot Misses the Net.
1:02 of 2nd period - Shot by Jordie Benn.
1:02 of 2nd period - Stopped by Anthony Stolarz without a rebound.
1:03 of 2nd period - Arttu Ruotsalainen wins face-off versus Jean-Gabriel Pageau in Crunch zone.
1:30 of 2nd period - Shot by Tyrell Goulbourne.
1:30 of 2nd period - Stopped by Anthony Stolarz without a rebound.
1:31 of 2nd period - Justin Dowling wins face-off versus Thomas Tynan in Crunch zone.
2:05 of 2nd period - Shot by Cole Koepke.
2:05 of 2nd period - Shot Misses the Net.
2:14 of 2nd period - Off-side.
2:15 of 2nd period - Arttu Ruotsalainen wins face-off versus Jean-Gabriel Pageau in neutral zone.
2:26 of 2nd period - Shot by Chad Krys.
2:26 of 2nd period - Stopped by Anthony Stolarz without a rebound.
2:27 of 2nd period - Arttu Ruotsalainen wins face-off versus Mike Vecchione in Crunch zone.
2:31 of 2nd period - Icing by Xavier Bouchard.
2:32 of 2nd period - Arttu Ruotsalainen wins face-off versus Patrick Harper in Crunch zone.
3:01 of 2nd period - Shot by Kody Clark.
3:01 of 2nd period - Stopped by Spencer Martin without a rebound.
3:02 of 2nd period - Maxim Letunov wins face-off versus Jean-Gabriel Pageau in Bears zone.
3:23 of 2nd period - Mason Shaw is hit by Austin Watson and loses puck.
3:42 of 2nd period - Shot by Tyrell Goulbourne.
3:42 of 2nd period - Stopped by Anthony Stolarz with a rebound.
4:01 of 2nd period - Icing by Justin Dowling.
4:02 of 2nd period - Thomas Tynan wins face-off versus Justin Dowling in Bears zone.
5:26 of 2nd period - Shot by Dennis Gilbert.
5:26 of 2nd period - Shot Misses the Net.
5:28 of 2nd period - Shot by Dennis Gilbert.
5:28 of 2nd period - Stopped by Anthony Stolarz without a rebound.
5:29 of 2nd period - Jean-Gabriel Pageau wins face-off versus Christoffer Ehn in Crunch zone.
8:01 of 2nd period - Shot by Joona Luoto.
8:01 of 2nd period - Shot Misses the Net.
8:06 of 2nd period - Patrick Harper is hit by Kyle Burroughs and loses puck.
8:47 of 2nd period - Shot by Dennis Gilbert.
8:47 of 2nd period - Shot Misses the Net.
8:49 of 2nd period - Shot by Dennis Gilbert.
8:49 of 2nd period - Stopped by Anthony Stolarz without a rebound.
8:50 of 2nd period - Arttu Ruotsalainen wins face-off versus Jean-Gabriel Pageau in Crunch zone.
9:00 of 2nd period - Icing by Connor Corcoran.
9:01 of 2nd period - Jean-Gabriel Pageau wins face-off versus Maxim Letunov in Crunch zone.
9:34 of 2nd period - Icing by Connor Corcoran.
9:35 of 2nd period - Justin Dowling wins face-off versus Jean-Gabriel Pageau in Crunch zone.
11:55 of 2nd period - Jean-Christophe Beaudin is hit by Jay Beagle and loses puck.
12:38 of 2nd period - Shot by Patrick Harper.
12:38 of 2nd period - Deflect By Kody Clark.
12:38 of 2nd period - Stopped by Spencer Martin without a rebound.
12:39 of 2nd period - Patrick Harper wins face-off versus Maxim Letunov in Bears zone.
12:40 of 2nd period - Shot by Kody Clark.
12:40 of 2nd period - Shot Misses the Net.
13:06 of 2nd period - Shot by Patrick Harper.
13:06 of 2nd period - Deflect By Kody Clark.
13:06 of 2nd period - Shot Blocked by Jordie Benn.
13:39 of 2nd period - Justin Dowling is hit by Jaycob Megna and loses puck.
13:44 of 2nd period - Shot by Joona Luoto.
13:44 of 2nd period - Stopped by Anthony Stolarz without a rebound.
13:45 of 2nd period - Christoffer Ehn wins face-off versus Thomas Tynan in Crunch zone.
13:50 of 2nd period - Shot by Beck Malenstyn.
13:50 of 2nd period - Shot Misses the Net.
15:00 of 2nd period - Gustav Olofsson is hit by Luke Prokop and loses puck.
15:23 of 2nd period - Kyle Burroughs is hit by Paul Bittner and loses puck.
15:51 of 2nd period - Icing by Kyle Burroughs.
15:52 of 2nd period - Arttu Ruotsalainen wins face-off versus Thomas Tynan in Bears zone.
16:03 of 2nd period - Shot by Jean-Christophe Beaudin.
16:03 of 2nd period - Shot Misses the Net.
16:47 of 2nd period - Shot by Xavier Bouchard.
16:47 of 2nd period - Shot Misses the Net.
17:32 of 2nd period - Shot by Aaron Luchuk.
17:32 of 2nd period - Shot Misses the Net.
17:34 of 2nd period - Shot by Aaron Luchuk.
17:34 of 2nd period - Shot Misses the Net.
17:36 of 2nd period - Shot by Garnet Hathaway.
17:36 of 2nd period - Shot Misses the Net.
17:38 of 2nd period - Shot by Garnet Hathaway.
17:38 of 2nd period - Shot Misses the Net.
17:40 of 2nd period - Shot by Blaine Byron.
17:40 of 2nd period - Stopped by Spencer Martin with a rebound.
17:42 of 2nd period - Shot by Garnet Hathaway.
17:42 of 2nd period - Deflect By Jean-Gabriel Pageau.
17:42 of 2nd period - Stopped by Spencer Martin without a rebound.
17:43 of 2nd period - Christoffer Ehn wins face-off versus Patrick Harper in Bears zone.
17:47 of 2nd period - Beck Malenstyn is hit by Axel Andersson and loses puck.
17:58 of 2nd period - Shot by Paul Bittner.
17:58 of 2nd period - Stopped by Spencer Martin without a rebound.
17:59 of 2nd period - Patrick Harper wins face-off versus Maxim Letunov in Bears zone.
18:04 of 2nd period - Shot by Kody Clark.
18:04 of 2nd period - Stopped by Spencer Martin without a rebound.
18:05 of 2nd period - Christoffer Ehn wins face-off versus Thomas Tynan in Bears zone.
18:35 of 2nd period - Shot by Blaine Byron.
18:35 of 2nd period - Stopped by Spencer Martin with a rebound.
19:41 of 2nd period - Axel Andersson is hit by Lean Bergmann and loses puck.
Goals for this period are 0 for Bears vs 0 for Crunch.
Shots for this period are 8 for Bears vs 7 for Crunch.

3rd period


0:01 of 3rd period - Jean-Gabriel Pageau wins face-off versus Justin Dowling in neutral zone.
0:12 of 3rd period - Shot by Mike Vecchione.
0:12 of 3rd period - Stopped by Spencer Martin with a rebound.
1:08 of 3rd period - Shot by Arttu Ruotsalainen.
1:08 of 3rd period - Shot Misses the Net.
1:11 of 3rd period - Icing by Connor Corcoran.
1:12 of 3rd period - Thomas Tynan wins face-off versus Christoffer Ehn in Crunch zone.
1:44 of 3rd period - Icing by Brennan Menell.
1:45 of 3rd period - Patrick Harper wins face-off versus Christoffer Ehn in Bears zone.
1:50 of 3rd period - Shot by Kody Clark.
1:50 of 3rd period - Deflect By Patrick Harper.
1:50 of 3rd period - Stopped by Spencer Martin without a rebound.
1:51 of 3rd period - Justin Dowling wins face-off versus Aaron Luchuk in Bears zone.
2:45 of 3rd period - Minor Penalty to Jordie Benn for Hooking.
2:46 of 3rd period - Jay Beagle wins face-off versus Thomas Tynan in Bears zone.
3:43 of 3rd period - Shot by Austin Strand.
3:43 of 3rd period - Stopped by Spencer Martin without a rebound.
3:44 of 3rd period - Mason Shaw wins face-off versus Arttu Ruotsalainen in Bears zone.
4:59 of 3rd period - Shot by Joona Luoto.
4:59 of 3rd period - Stopped by Anthony Stolarz without a rebound.
5:00 of 3rd period - Aaron Luchuk wins face-off versus Arttu Ruotsalainen in Crunch zone.
5:50 of 3rd period - Icing by Jaycob Megna.
5:51 of 3rd period - Patrick Harper wins face-off versus Justin Dowling in Crunch zone.
6:06 of 3rd period - Paul Bittner is hit by Justin Dowling and loses puck.
6:12 of 3rd period - Joona Luoto is hit by Jaycob Megna.
6:40 of 3rd period - Kyle Burroughs is hit by Paul Bittner and loses puck.
7:02 of 3rd period - Christoffer Ehn is hit by Kody Clark and loses puck.
7:15 of 3rd period - Shot by Beck Malenstyn.
7:15 of 3rd period - Stopped by Anthony Stolarz without a rebound.
7:16 of 3rd period - Jean-Gabriel Pageau wins face-off versus Arttu Ruotsalainen in Crunch zone.
8:12 of 3rd period - Jordie Benn is hit by Xavier Bouchard and loses puck.
8:18 of 3rd period - Icing by Thomas Tynan.
8:19 of 3rd period - Maxim Letunov wins face-off versus Thomas Tynan in Crunch zone.
8:20 of 3rd period - Shot by Tyrell Goulbourne.
8:20 of 3rd period - Stopped by Anthony Stolarz without a rebound.
8:21 of 3rd period - Jean-Christophe Beaudin wins face-off versus Maxim Letunov in Crunch zone.
8:58 of 3rd period - Shot by Thomas Tynan.
8:58 of 3rd period - Goal by Thomas Tynan - Bears : 0 - Crunch : 3.
8:59 of 3rd period - Justin Dowling wins face-off versus Jean-Gabriel Pageau in neutral zone.
9:26 of 3rd period - Shot by Mason Shaw.
9:26 of 3rd period - Shot Misses the Net.
9:38 of 3rd period - Shot by Jean-Gabriel Pageau.
9:38 of 3rd period - Stopped by Spencer Martin without a rebound.
9:39 of 3rd period - Arttu Ruotsalainen wins face-off versus Patrick Harper in Bears zone.
9:39 of 3rd period - Arttu Ruotsalainen is hit by Paul Bittner.
10:01 of 3rd period - Shot by Lean Bergmann.
10:01 of 3rd period - Stopped by Anthony Stolarz with a rebound.
10:09 of 3rd period - Shot by Lean Bergmann.
10:09 of 3rd period - Stopped by Anthony Stolarz with a rebound.
10:30 of 3rd period - Beck Malenstyn is hit by Jaycob Megna and loses puck.
10:56 of 3rd period - Christoffer Ehn is hit by Austin Strand and loses puck.
11:35 of 3rd period - Shot by Jean-Gabriel Pageau.
11:35 of 3rd period - Stopped by Spencer Martin without a rebound.
11:36 of 3rd period - Thomas Tynan wins face-off versus Maxim Letunov in Bears zone.
12:05 of 3rd period - Shot by Tyrell Goulbourne.
12:05 of 3rd period - Deflect By Maxim Letunov.
12:05 of 3rd period - Goal by Maxim Letunov - Bears : 1 - Crunch : 3.
12:06 of 3rd period - Mason Shaw wins face-off versus Arttu Ruotsalainen in neutral zone.
12:10 of 3rd period - Icing by Gustav Olofsson.
12:11 of 3rd period - Jean-Gabriel Pageau wins face-off versus Arttu Ruotsalainen in Bears zone.
12:18 of 3rd period - Shot by Mason Shaw.
12:18 of 3rd period - Shot Blocked by Gustav Olofsson.
12:40 of 3rd period - Off-side.
12:41 of 3rd period - Justin Dowling wins face-off versus Thomas Tynan in neutral zone.
12:41 of 3rd period - Joona Luoto is hit by Jean-Christophe Beaudin and loses puck.
12:46 of 3rd period - Dennis Gilbert is hit by Blaine Byron and loses puck.
12:55 of 3rd period - Shot by Blaine Byron.
12:55 of 3rd period - Stopped by Spencer Martin without a rebound.
12:56 of 3rd period - Aaron Luchuk wins face-off versus Christoffer Ehn in Bears zone.
13:15 of 3rd period - Shot by Christoffer Ehn.
13:15 of 3rd period - Shot Misses the Net.
13:17 of 3rd period - Shot by Christoffer Ehn.
13:17 of 3rd period - Shot Misses the Net.
13:19 of 3rd period - Shot by Brennan Menell.
13:19 of 3rd period - Shot Blocked by Austin Strand.
13:23 of 3rd period - Shot by Kyle Burroughs.
13:23 of 3rd period - Stopped by Anthony Stolarz without a rebound.
13:24 of 3rd period - Justin Dowling wins face-off versus Thomas Tynan in Crunch zone.
13:27 of 3rd period - Shot by Justin Dowling.
13:27 of 3rd period - Stopped by Anthony Stolarz without a rebound.
13:28 of 3rd period - Justin Dowling wins face-off versus Thomas Tynan in Crunch zone.
13:31 of 3rd period - Shot by Cole Koepke.
13:31 of 3rd period - Stopped by Anthony Stolarz with a rebound.
13:41 of 3rd period - Shot by Cole Koepke.
13:41 of 3rd period - Shot Blocked by Connor Corcoran.
13:43 of 3rd period - Shot by Cole Koepke.
13:43 of 3rd period - Stopped by Anthony Stolarz without a rebound.
13:44 of 3rd period - Mike Vecchione wins face-off versus Arttu Ruotsalainen in Crunch zone.
14:01 of 3rd period - Shot by Lean Bergmann.
14:01 of 3rd period - Shot Misses the Net.
14:39 of 3rd period - Shot by Joona Luoto.
14:39 of 3rd period - Shot Misses the Net.
14:51 of 3rd period - Shot by Cole Koepke.
14:51 of 3rd period - Deflect By Joona Luoto.
14:51 of 3rd period - Shot Blocked by Jaycob Megna.
14:53 of 3rd period - Shot by Justin Dowling.
14:53 of 3rd period - Shot Misses the Net.
14:55 of 3rd period - Shot by Cole Koepke.
14:55 of 3rd period - Shot Misses the Net.
14:57 of 3rd period - Shot by Joona Luoto.
14:57 of 3rd period - Shot Hit the Post.
14:59 of 3rd period - Shot by Justin Dowling.
14:59 of 3rd period - Shot Misses the Net.
15:01 of 3rd period - Shot by Joona Luoto.
15:01 of 3rd period - Deflect By Cole Koepke.
15:01 of 3rd period - Stopped by Anthony Stolarz without a rebound.
15:02 of 3rd period - Thomas Tynan wins face-off versus Christoffer Ehn in Crunch zone.
15:26 of 3rd period - Shot by Thomas Tynan.
15:26 of 3rd period - Stopped by Spencer Martin without a rebound.
15:27 of 3rd period - Patrick Harper wins face-off versus Maxim Letunov in Bears zone.
15:36 of 3rd period - Shot by Kody Clark.
15:36 of 3rd period - Stopped by Spencer Martin without a rebound.
15:37 of 3rd period - Cole Koepke wins face-off versus Patrick Harper in Bears zone.
15:43 of 3rd period - Cole Koepke is hit by Luke Prokop and loses puck.
16:03 of 3rd period - Minor Penalty to Xavier Bouchard for Hooking.
16:04 of 3rd period - Tyrell Goulbourne wins face-off versus Jean-Gabriel Pageau in Crunch zone.
16:06 of 3rd period - Lean Bergmann is hit by Connor Corcoran and loses puck.
16:16 of 3rd period - Lean Bergmann is hit by Connor Corcoran and loses puck.
16:25 of 3rd period - Shot by Chad Krys.
16:25 of 3rd period - Stopped by Anthony Stolarz without a rebound.
16:26 of 3rd period - Jean-Gabriel Pageau wins face-off versus Cole Koepke in Crunch zone.
16:43 of 3rd period - Shot by Jordie Benn.
16:43 of 3rd period - Stopped by Anthony Stolarz without a rebound.
16:44 of 3rd period - Arttu Ruotsalainen wins face-off versus Jean-Gabriel Pageau in Crunch zone.
16:47 of 3rd period - Shot by Chad Krys.
16:47 of 3rd period - Stopped by Anthony Stolarz without a rebound.
16:48 of 3rd period - Jean-Gabriel Pageau wins face-off versus Justin Dowling in Crunch zone.
16:48 of 3rd period - Jean-Gabriel Pageau is hit by Justin Dowling.
17:59 of 3rd period - Icing by Chad Krys.
18:00 of 3rd period - Jean-Gabriel Pageau wins face-off versus Arttu Ruotsalainen in Bears zone.
18:09 of 3rd period - Shot by Christoffer Ehn.
18:09 of 3rd period - Shot Misses the Net.
18:11 of 3rd period - Shot by Jay Beagle.
18:11 of 3rd period - Stopped by Anthony Stolarz with a rebound.
18:13 of 3rd period - Shot by Brennan Menell.
18:13 of 3rd period - Shot Misses the Net.
18:28 of 3rd period - Beck Malenstyn is hit by Xavier Bouchard and loses puck.
18:49 of 3rd period - Off-side.
18:50 of 3rd period - Jean-Gabriel Pageau wins face-off versus Buddy Robinson in neutral zone.
19:11 of 3rd period - Shot by Mike Vecchione.
19:11 of 3rd period - Goal by Mike Vecchione - Bears : 1 - Crunch : 4.
19:12 of 3rd period - Justin Dowling wins face-off versus Thomas Tynan in neutral zone.
19:39 of 3rd period - Shot by Joona Luoto.
19:39 of 3rd period - Deflect By Cole Koepke.
19:39 of 3rd period - Stopped by Anthony Stolarz without a rebound.
19:40 of 3rd period - Jean-Gabriel Pageau wins face-off versus Arttu Ruotsalainen in Crunch zone.
19:40 of 3rd period - Jean-Gabriel Pageau is hit by Lean Bergmann.
19:41 of 3rd period - Minor Penalty to Buddy Robinson for Cross-checking.
19:42 of 3rd period - Jean-Gabriel Pageau wins face-off versus Jay Beagle in Bears zone.
19:58 of 3rd period - Off-side.
19:59 of 3rd period - Jay Beagle wins face-off versus Thomas Tynan in neutral zone.
Goals for this period are 1 for Bears vs 2 for Crunch.
Shots for this period are 16 for Bears vs 10 for Crunch.